 Dungeon Crawl Stone Soup version 0.27-a0-1139-g28e009f8a6 (webtiles) character file.

Game seed: 1347499736933965474

2428 Feb132020 the Covert (level 9, -15/74 HPs)
             Began as a Gnoll Delver on May 7, 2021.
             Was a Priest of Makhleb.
             Demolished by a boulder beetle (50 damage)
             ... on level 7 of the Dungeon.
             The game lasted 00:41:08 (5972 turns).

Feb132020 the Covert (Gnoll Delver)                 Turns: 5972, Time: 00:41:09

Health: -15/74     AC:  9    Str: 11    XL:     9   Next: 48%
Magic:  24/24      EV: 15    Int: 12    God:    Makhleb [***...]
Gold:   1069       SH:  0    Dex: 15    Spells: 15/16 levels left

rFire    + . .     SeeInvis .   a - +2 dagger (vamp)
rCold    . . .     Faith    .   (no shield)
rNeg     . . .     Spirit   .   t - +2 robe {Will+}
rPois    .         Reflect  .   E - +0 helmet
rElec    .         Harm     .   l - +0 cloak
rCorr    .         Rampage  .   h - +0 pair of gloves
Will     +....                  m - +0 pair of boots
Stlth    +++++.....             r - amulet of regeneration
HPRegen  1.22/turn              i - ring of protection from fire
MPRegen  0.19/turn              w - ring of magical power

@: no status effects
A: fangs 1, strong nose, distributed training
a: Renounce Religion, Minor Destruction, Lesser Servant of Makhleb


You were on level 7 of the Dungeon.
You worshipped Makhleb.
Makhleb was most pleased with you.
You visited 1 branch of the dungeon, and saw 7 of its levels.
You also visited: Sewer.

You collected 1282 gold pieces.
You spent 213 gold pieces at shops.

Inventory:

Hand Weapons
 a - a +2 vampiric dagger (weapon)
 b - a +0 hunting sling
 f - a +0 short sword
 A - a +6 club
Missiles
 k - 10 boomerangs (quivered)
 n - 236 stones
 p - 32 bolts
 G - 2 throwing nets
 H - 64 arrows
 I - 9 poisoned darts
Armour
 d - a +0 leather armour
 h - a +0 pair of gloves (worn)
 l - a +0 cloak (worn)
 m - a +0 pair of boots (worn)
 t - a +2 robe of willpower (worn)
 v - the +0 ring mail "Xusmol" {rElec rF+ Dex-4 Stlth+}
   (You found it on level 4 of the Dungeon)

   It affects your dexterity (-4).
   It protects you from fire.
   It insulates you from electricity.
   It makes you more stealthy.
 E - a +0 helmet (worn)
Magical Staves
 y - a staff of death
Jewellery
 i - a ring of protection from fire (left hand)
 r - an amulet of regeneration (around neck)
 w - a ring of magical power (right hand)
Wands
 g - a wand of digging (1)
Scrolls
 c - a scroll of fog
 o - a scroll of immolation
 u - a scroll of amnesia
 x - 3 scrolls of fear
Potions
 e - a potion of might {unknown}
 j - a potion of magic {unknown}
 q - a potion of attraction {unknown}
 s - a potion of cancellation
 B - a potion of curing
 C - a potion of heal wounds {unknown}
 D - a potion of mutation


   Skills:
 + Level 7.9 Fighting
 + Level 6.3 Short Blades
 + Level 4.3 Long Blades
 + Level 4.3 Axes
 + Level 4.3 Maces & Flails
 + Level 4.3 Polearms
 + Level 4.3 Staves
 + Level 4.3 Slings
 + Level 4.3 Bows
 + Level 4.3 Crossbows
 + Level 4.3 Throwing
 + Level 4.3 Armour
 + Level 6.3 Dodging
 + Level 10.4 Stealth
 + Level 4.3 Shields
 + Level 4.3 Unarmed Combat
 + Level 4.3 Spellcasting
 + Level 3.5 Conjurations
 + Level 3.5 Hexes
 + Level 3.5 Summonings
 + Level 3.5 Necromancy
 + Level 3.5 Translocations
 + Level 3.5 Transmutations
 + Level 3.5 Fire Magic
 + Level 3.5 Ice Magic
 + Level 3.5 Air Magic
 + Level 3.5 Earth Magic
 + Level 3.5 Poison Magic
 + Level 4.7 Invocations
 + Level 4.3 Evocations


You had 15 spell levels left.
You knew the following spells:

 Your Spells              Type           Power      Damage    Failure   Level
a - Magic Dart            Conj           44%        1d5       4%          1

Your spell library contained the following spells:

 Spells                   Type           Power      Damage    Failure   Level
 Blink                    Tloc           N/A        N/A       8%          2
 Call Imp                 Summ           11%        N/A       8%          2
 Poisonous Vapours        Pois/Air       22%        N/A       8%          2
 Slow                     Hex            11%        N/A       8%          2
 Conjure Flame            Conj/Fire      11%        6-21      16%         3
 Mephitic Cloud           Conj/Pois/Air  11%        N/A       16%         3
 Freezing Cloud           Conj/Ice/Air   5%         6-21      100%        6


Dungeon Overview and Level Annotations

Branches:
Dungeon (7/15)             Temple (0/1) D:6           Sewer (visited)

Altars:
Cheibriados
Makhleb
Qazlal
Uskayaw

Shops:
D:3 !   D:7 [?

Annotations:
D:6 3 runed translucent doors, exclusions: two-headed ogre and vampire mosquito, Maggie; glosham's ghost, weakling DjDe


Innate Abilities, Weirdness & Mutations

You have very sharp teeth.
Your uncanny sense of smell can sniff out nearby items.
Your experience applies equally to all skills.


Message History

Your smoke demon gestures at the phantom.
The ball of steam hits the phantom!!
The phantom is destroyed!
Makhleb accepts your kill. Something hits your smoke demon.
Something freezes your smoke demon.
You barely miss the boulder beetle. The boulder beetle barely misses you.
Your smoke demon hits the white imp but does no damage.
Your smoke demon hits the white imp.
The white imp dies!
Makhleb accepts your kill.
You hit the boulder beetle but do no damage.
You hit the boulder beetle but do no damage.
The boulder beetle bites you but does no damage.
You hit the boulder beetle but do no damage.
You punch the boulder beetle, but do no damage.
The boulder beetle bites you!!
Your smoke demon hits the boulder beetle but does no damage.
Your smoke demon barely misses the boulder beetle.
Your smoke demon hits the boulder beetle but does no damage.
You hit the boulder beetle.
The boulder beetle is lightly wounded.
You hit the boulder beetle but do no damage.
You punch the boulder beetle, but do no damage.
The boulder beetle is lightly wounded.
The boulder beetle closely misses you.
Your smoke demon hits the boulder beetle but does no damage. x2
Your smoke demon hits the boulder beetle.
You hit the boulder beetle but do no damage.
The boulder beetle is lightly wounded.
The boulder beetle bites you!
Your smoke demon gestures at the boulder beetle.
The boulder beetle is smitten.
The boulder beetle bites your smoke demon!!
Your smoke demon dies!
Okay, then.
Okay, then.
The boulder beetle curls into a ball and begins rolling!
The boulder beetle hits you!!!
Ouch! That really hurt!
You die...

#.########
#.≈≈≈≈
#..#...#.###
#....≈
#......)...#
#.....#..##..#
#....#..#.## ∆
#......#.#.#
#...#.....###
#.......###.#
#.....#@...#∆
#..#...#B###
#....#.○#.###
#......°.#..#
#.....°...###
∆ #...#.#####
#.........###
#........#..#
#....#..#.###


You could see a boulder beetle (rolling).

Vanquished Creatures
  A two-headed ogre (D:6)
  A manticore (D:7)
  A water moccasin (D:7)
  2 black bears
  An ice beast (D:6)
  A sky beast (D:7)
  2 necrophages
  2 bullfrogs
  A scorpion (D:4)
  3 bullfrog zombies
  A jelly (D:4)
  2 orc priests
  3 bullfrog skeletons
  Jessica (D:3)
  3 iguanas
  Ijyb (D:3)
  3 orc wizards
  Robin (D:3)
  4 gnolls (D:4)
  2 howler monkey skeletons
  7 adders
  A river rat (D:3)
  An ufetubus (D:7)
  An adder skeleton (D:4)
  2 worms
  13 orcs
  6 endoplasms
  7 giant cockroaches
  9 goblins
  5 hobgoblins
  10 jackals
  6 kobolds
  7 quokkas
  8 ball pythons
  4 bats
  A frilled lizard (D:2)
  9 rats
133 creatures vanquished.

Vanquished Creatures (collateral kills)
  A phantom (D:7)
  A white imp (D:7)
2 creatures vanquished.

Grand Total: 135 creatures vanquished

Notes
Turn   | Place    | Note
-------+----------+-------------------------------------------
     0 | D:5      | Reached skill level 9 in Stealth
     0 | D:5      | Feb132020 the Gnoll Delver began the quest for the Orb.
     0 | D:5      | Reached XP level 1. HP: 23/23 MP: 1/1
    56 | D:3      | Reached XP level 2. HP: 29/29 MP: 2/2
   219 | D:3      | Found a glowing drain.
   228 | Sewer    | Entered a sewer
   599 | D:3      | Reached XP level 3. HP: 35/35 MP: 3/3
   601 | D:3      | Noticed Ijyb
   642 | D:3      | Found a stormy altar of Qazlal.
   643 | D:3      | Noticed Robin
   953 | D:1      | Learned a level 1 spell: Magic Dart
   971 | D:1      | Reached skill level 1 in Invocations
  1040 | D:1      | Found a faded altar of an unknown god.
  1044 | D:1      | Became a worshipper of Makhleb the Destroyer
  1044 | D:1      | Reached * piety under Makhleb
  1397 | D:1      | Reached skill level 1 in Long Blades
  1397 | D:1      | Reached skill level 1 in Axes
  1397 | D:1      | Reached skill level 1 in Maces & Flails
  1397 | D:1      | Reached skill level 1 in Polearms
  1397 | D:1      | Reached skill level 1 in Staves
  1397 | D:1      | Reached skill level 1 in Slings
  1397 | D:1      | Reached skill level 1 in Bows
  1397 | D:1      | Reached skill level 1 in Crossbows
  1397 | D:1      | Reached skill level 1 in Throwing
  1397 | D:1      | Reached skill level 1 in Armour
  1397 | D:1      | Reached skill level 1 in Shields
  1397 | D:1      | Reached skill level 1 in Unarmed Combat
  1397 | D:1      | Reached skill level 1 in Spellcasting
  1397 | D:1      | Reached skill level 1 in Evocations
  1574 | D:1      | Reached XP level 4. HP: 40/41 MP: 5/5
  2293 | D:2      | Reached skill level 1 in Conjurations
  2293 | D:2      | Reached skill level 1 in Hexes
  2293 | D:2      | Reached skill level 1 in Summonings
  2293 | D:2      | Reached skill level 1 in Necromancy
  2293 | D:2      | Reached skill level 1 in Translocations
  2293 | D:2      | Reached skill level 1 in Transmutations
  2293 | D:2      | Reached skill level 1 in Fire Magic
  2293 | D:2      | Reached skill level 1 in Ice Magic
  2293 | D:2      | Reached skill level 1 in Air Magic
  2293 | D:2      | Reached skill level 1 in Earth Magic
  2293 | D:2      | Reached skill level 1 in Poison Magic
  2494 | D:3      | Noticed Jessica
  2497 | D:3      | Killed Jessica
  2498 | D:3      | Reached XP level 5. HP: 47/47 MP: 6/6
  2709 | D:4      | Identified the +0 ring mail "Xusmol" {rElec rF+ Dex-4
                  | Stlth+}
  2893 | D:4      | Reached ** piety under Makhleb
  2957 | D:4      | Reached XP level 6. HP: 53/53 MP: 8/8
  2964 | D:4      | Found a hide-covered altar of Uskayaw.
  3024 | D:4      | Reached skill level 5 in Short Blades
  3024 | D:4      | Reached skill level 5 in Dodging
  3078 | D:3      | Killed Ijyb
  3142 | D:3      | Found Kauhaaweug's Distillery.
  3255 | D:3      | Bought a potion of mutation for 112 gold pieces
  3338 | D:3      | Killed Robin
  3411 | D:3      | Bought 2 potions of degeneration for 28 gold pieces
  3671 | D:5      | Found a snail-covered altar of Cheibriados.
  3672 | D:5      | Found a burning altar of Makhleb.
  3848 | D:5      | Reached XP level 7. HP: 53/59 MP: 10/10
  4721 | D:6      | Found a runed translucent gate.
  4722 | D:6      | Found a runed translucent gate.
  4791 | D:6      | Noticed glosham's ghost (weakling DjDe)
  4791 | D:6      | Noticed a purple ugly thing
  4792 | D:6      | Noticed a wraith
  4802 | D:6      | Found a runed translucent gate.
  4844 | D:6      | Reached *** piety under Makhleb
  4845 | D:6      | Reached skill level 10 in Stealth
  4845 | D:6      | Reached XP level 8. HP: 67/67 MP: 12/12
  4965 | D:6      | Noticed a two-headed ogre
  5025 | D:6      | Noticed a two-headed ogre
  5089 | D:6      | Noticed Maggie
  5090 | D:6      | Found a staircase to the Ecumenical Temple.
  5215 | D:6      | Killed a two-headed ogre
  5309 | D:6      | Reached XP level 9. HP: 72/72 MP: 14/14
  5625 | D:7      | Found Yfiogofo's Magic Scroll Emporium.
  5641 | D:7      | Bought a scroll of identify for 24 gold pieces
  5655 | D:7      | Found Wifedali's Armour Shop.
  5672 | D:7      | Bought a +0 cloak for 49 gold pieces
  5732 | D:7      | Identified a scroll of acquirement
  5732 | D:7      | Acquired 875 gold pieces
  5913 | D:7      | Noticed a manticore
  5924 | D:7      | Killed a manticore
  5940 | D:7      | Noticed a boulder beetle
  5972 | D:7      | Demolished by a boulder beetle

Illustrated notes

Levels and vault maps discovered:
D:1:      onia_arrival_handbag, layout_loops_ring,
          shapermc_ecumenical_altar_mp_highgroup, st_stairs_12
D:2:      layout_basic
D:3:      layout_loops_ring, nicolae_overflow_crystal_walls,
          gup_sewer_entry_bubbles, serial_shops, shop, grunt_ministairs_9,
          uniq_ijyb, uniq_robin, uniq_jessica
D:4:      layout_gridville, kennysheep_mini, chequers_serial_rivers_micro_b,
          grunt_decor_resistance
D:5:      layout_cave_pools, gammafunk_temple_overflow_statue
D:6:      layout_basic, minmay_temple_entry_statues, gammafunk_ghost_split,
          kb_rosetta, uniq_maggie
D:7:      layout_basic, lemuel_round_altar, serial_shops, shop,
          nicolae_shop_overgrown_old_shop, shop_coins,
          chequers_serial_rivers_micro_d, minmay_increasing_density

Skill      XL: |  1  2  3  4  5  6  7  8  9 |
---------------+----------------------------+-----
Stealth        | 10 | 10.4
Invocations    | 1 2 3 4 |  4.7
Long Blades    | 1 2 3 4 |  4.3
Axes           | 1 2 3 4 |  4.3
Maces & Flails | 1 2 3 4 |  4.3
Polearms       | 1 2 3 4 |  4.3
Staves         | 1 2 3 4 |  4.3
Slings         | 1 2 3 4 |  4.3
Bows           | 1 2 3 4 |  4.3
Crossbows      | 1 2 3 4 |  4.3
Throwing       | 1 2 3 4 |  4.3
Armour         | 1 2 3 4 |  4.3
Shields        | 1 2 3 4 |  4.3
Unarmed Combat | 1 2 3 4 |  4.3
Spellcasting   | 1 2 3 4 |  4.3
Evocations     | 1 2 3 4 |  4.3
Conjurations   | 1 2 3 |  3.5
Hexes          | 1 2 3 |  3.5
Summonings     | 1 2 3 |  3.5
Necromancy     | 1 2 3 |  3.5
Translocations | 1 2 3 |  3.5
Transmutations | 1 2 3 |  3.5
Fire Magic     | 1 2 3 |  3.5
Ice Magic      | 1 2 3 |  3.5
Air Magic      | 1 2 3 |  3.5
Earth Magic    | 1 2 3 |  3.5
Poison Magic   | 1 2 3 |  3.5
Short Blades   | 5 6 |  6.3
Dodging        | 5 6 |  6.3
Fighting       | 7 |  7.9

Action                   |  1- 3 |  4- 6 |  7- 9 || total
-------------------------+-------+-------+-------++-------
Melee: Short sword       |    47 |       |       ||    47
       Dagger            |    37 |   233 |   244 ||   514
       Bite              |     7 |    18 |    19 ||    44
       Punch             |       |     2 |     6 ||     8
 Fire: Hunting sling     |       |     7 |     2 ||     9
Throw: Boomerang         |       |     9 |     3 ||    12
 Cast: Magic Dart        |       |     1 |       ||     1
Invok: Minor Destruction |       |    15 |    53 ||    68
       Lesser Servant of |       |       |     2 ||     2
Evoke: Wand              |     2 |       |       ||     2
  Use: Scroll            |     3 |     1 |     6 ||    10
       Potion            |     1 |       |     2 ||     3
 Stab: Sleeping          |    18 |    13 |    11 ||    42
       Distracted        |       |     2 |       ||     2
Armor: Leather armour    |    16 |    13 |       ||    29
       Robe              |       |    30 |    39 ||    69
Dodge: Dodged            |    36 |   105 |   135 ||   276

Table legend: (Time is in decaauts)
 A = Elapsed time spent in this place.
 B = Non-inter-level travel time spent in this place.
 C = Inter-level travel time spent in this place.
 D = Time resting spent in this place.
 E = Time spent auto-exploring this place.
 F = Levels seen in this place.
 G = Mean time per level.
                   A        B        C        D        E       F      G
               +--------+--------+--------+--------+--------+-----+--------+
         Total |   5845 |   5538 |    307 |    238 |   3816 |   8 |  730.6 |
       Dungeon |   5699 |   5392 |    307 |    192 |   3816 |   7 |  814.1 |
         Sewer |    146 |    146 |      0 |     46 |      0 |   1 |  146.0 |
               +--------+--------+--------+--------+--------+-----+--------+

Top non-repeatable levels by time:
     D:3: 1428 daAuts
     D:2: 866 daAuts
     D:6: 850 daAuts
     D:1: 775 daAuts
     D:4: 761 daAuts
     D:5: 649 daAuts
     D:7: 366 daAuts
   Sewer: 146 daAuts
